 Dungeon Crawl Stone Soup version 0.31-a0-986-g5e6e4ef867 (webtiles) character file.

Game seed: 9949341405671766631

12 Enter the Chopper (level 2, 0/16 (24) HPs)
             Began as a Demigod Reaver on Nov 13, 2023.
             Slain by Sigmund
             ... wielding a +2 antimagic scythe
              (11 damage)
             ... on level 2 of the Dungeon.
             The game lasted 00:13:04 (609 turns).

Enter the Chopper (Demigod Reaver)                   Turns: 609, Time: 00:13:05

HP:   0/16 (24)     AC:  5    Str: 13    XL:     2   Next: 9%
MP:   7/7           EV: 10    Int: 15    God:
Gold: 16            SH:  0    Dex: 12    Spells: 3/4 levels left

rFire   . . .        a - +1 hand axe
rCold   . . .        (no shield)
rNeg    . . .        d - +0 ring mail
rPois   .            (no helmet)
rElec   .            (no cloak)
rCorr   .            (no gloves)
SInv    .            (no boots)
Will    .....        (no amulet)
Stlth   +            (no ring)
HPRegen 0.22/turn    (no ring)
MPRegen 0.10/turn

%: no passive effects
@: very heavily drained
A: high MP 1, forlorn, divine attributes
a: no special abilities


You were on level 2 of the Dungeon.
You visited 1 branch of the dungeon, and saw 2 of its levels.

You collected 16 gold pieces.

Inventory:

Hand Weapons
 a - a +1 hand axe (weapon)
Armour
 b - a +0 leather armour
 d - a +0 ring mail (worn)


   Skills:
 + Level 2.0 Fighting
 + Level 3.0 Axes
 + Level 1.8 Dodging
 + Level 1.8 Spellcasting
 + Level 2.8 Conjurations


You had 3 spell levels left.
You knew the following spells:

 Your Spells              Type           Power      Damage    Failure   Level
a - Kiss of Death         Conj/Necr      20%        2d7       28%         1

Your spell library contained the following spells:

 Spells                   Type           Power      Damage    Failure   Level
 Momentum Strike          Conj/Tloc      10%        3d8       38%         2
 Apportation              Tloc           2%         N/A       45%         1
 Necrotise                Necr           4%         1d4       45%         1
 Summon Small Mammal      Summ           4%         N/A       45%         1
 Hailstorm                Conj/Ice       5%         3d4       63%         3


Dungeon Overview and Level Annotations

Branches:
Dungeon (2/15)

Annotations:
D:2 Sigmund


Innate Abilities, Weirdness & Mutations

You have an increased reservoir of magic. (+10% MP)
You shall have no god before yourself.
Your divine heritage dramatically boosts your attributes as you level up.


Message History

If you continue, your game will not be scored!
Do you really want to enter explore mode? (Confirm with "yes".)
Okay, then.
No other quiver actions available for cycling.
No other quiver actions available for cycling.
Unknown command.
There's something in the way.
You are not religious.
You have 16 gold pieces.
Char dumped successfully.
You see here 7 stones.
Your life force is very heavily drained.
Your movement speed is average.
Your attack delay is about 1.1.
Your damage rating with your +1 hand axe is about 9 (Base 7 x 107% (Str) x 109% (Skill) + 1 (Ench)).
Annotate which branch? (. - D:1, ? - help, ! - show branch list)
Okay, then.
Annotate which branch? (. - D:1, ? - help, ! - show branch list)
Okay, then.
You see here 7 stones.
There is an escape hatch in the floor here.
You slide downwards.
The hatch slams shut behind you.
You can't go up here!
The rat twitches its whiskers.
The rat closely misses you.
You hit the rat.
You kill the rat!
Your Fighting skill increases to level 2!
You see here a rat corpse.
Found a stone staircase leading up.
You open the door.
There is an open door here.
Sigmund the Dreaded comes into view.
He is wielding a +2 antimagic scythe.
Sigmund points at you and mumbles some strange words.
The magic dart hits you.
Found a stone staircase leading down.
Sigmund attacks as he pursues you!
Sigmund hits you from afar with a +2 antimagic scythe!
Ouch! That really hurt!
You die...
Sigmund begins carving another notch in his scythe.

#.##....#####....#
#.##...............
#.##.#......#.#.....
#..#.#..†...#.##..#.
#######.#'#......#
#...........##+###
##.###......+
#......#####
#...@.@....#
#...##..##.#
#...##.....
+...+........
#..@##....<..#
#...++>......#
#...##........
#...#####+#.#.


You could see Sigmund.

Vanquished Creatures
  A dart slug (D:1)
  A bat (D:1)
  A goblin (D:1)
  A hobgoblin (D:1)
  2 quokkas (D:1)
  A ball python (D:1)
  3 rats
10 creatures vanquished.

Notes
Turn   | Place    | Note
-------+----------+-------------------------------------------
     0 | D:1      | Enter the Demigod Reaver began the quest for the Orb.
     0 | D:1      | Reached XP level 1. HP: 17/17 MP: 5/5
   356 | D:1      | Reached skill level 3 in Axes
   504 | D:1      | Reached XP level 2. HP: 16/16 MP: 5/7
   603 | D:2      | Noticed Sigmund
   609 | D:2      | Slain by Sigmund

Illustrated notes

Levels and vault maps discovered:
D:1:      minmay_arrival_checkered_box, layout_loops_corners,
          shapermc_ecumenical_altar_gd, hex_medium
D:2:      layout_basic, uniq_robin, uniq_sigmund, uniq_natasha

Skill      XL: |  1  2 |
---------------+-------+-----
Axes           | 3 |  3.0
Fighting       | 2 |  2.0
Dodging        | |  1.8
Spellcasting   | |  1.8
Conjurations   | |  2.8

Action                     || total
---------------------------++-------
  Melee: Hand axe          ||    24
   Cast: Kiss of Death     ||     3
    Use: Scroll            ||     2
         Potion            ||     1
 Armour: Ring mail         ||    18
         Leather armour    ||    11
  Dodge: Dodged            ||    19

Table legend: (Time is in decaauts)
 A = Elapsed time spent in this place.
 B = Non-inter-level travel time spent in this place.
 C = Inter-level travel time spent in this place.
 D = Time resting spent in this place.
 E = Time spent auto-exploring this place.
 F = Levels seen in this place.
 G = Mean time per level.
                   A        B        C        D        E       F      G
               +--------+--------+--------+--------+--------+-----+--------+
         Total |    612 |    612 |      0 |      0 |     43 |   2 |  306.0 |
       Dungeon |    612 |    612 |      0 |      0 |     43 |   2 |  306.0 |
               +--------+--------+--------+--------+--------+-----+--------+

Top non-repeatable levels by time:
     D:1: 566 daAuts
     D:2: 45 daAuts
